 Dungeon Sprint DCSS version 0.29.1-15-g9cfb28693d (webtiles) character file.

Game seed: 11040249919703104207

1528 dialectric the Basher (level 8, 0/56 HPs)
             Began as a Gargoyle Gladiator on Feb 28, 2023.
             Was an Initiate of Trog.
             Slain by a tentacle (9 damage)
             ... attached to a kraken
             ... in the Dungeon (Sprint II: "The Violet Keep of Menkaure").
             The game lasted 00:02:58 (386 turns).

dialectric the Basher (Gargoyle Gladiator)           Turns: 386, Time: 00:02:59

Health: 0/56       AC: 10    Str: 20    XL:     8   Next: 85%
Magic:  2/2        EV: 17    Int:  9    God:    Trog [......]
Gold:   694        SH:  0    Dex: 18    Spells: 7/7 levels left

rFire   + . .      SeeInvis +   j - +6 flail of Balance {antimagic, rF+ Dex+7 SInv}
rCold   . . .      Faith    .   (no shield)
rNeg    + . .      Spirit   .   b - +0 leather armour
rPois   ∞          Reflect  .   c - +0 helmet
rElec   +          Harm     .   (no cloak)
rCorr   .          Rampage  .   (no gloves)
Will    .....      NoTele   +   (no boots)
Stlth   +.........              (no amulet)
HPRegen 0.18/turn               (no ring)
MPRegen 0.08/turn               (no ring)

@: very slow
A: sickness immunity, AC +5, negative energy resistance 1, electricity
resistance, torment resistance 1, petrification resistance
a: Renounce Religion


You were in the Dungeon.
You worshipped Trog.
Trog was noncommittal.
You visited 1 branch You collected 972 gold pieces.
You spent 278 gold pieces at shops.

Inventory:

Hand Weapons
 a - a +0 flail
 j - the +6 flail of Balance (weapon) {antimagic, rF+ Dex+7 SInv}
   (You bought it in a shop in the Dungeon)

   It reduces the magical energy of the wielder, and disrupts the spells and
   magical abilities of those it strikes.
   Natural abilities and divine invocations are not affected.
   Dex:       It affects your dexterity (+7).
   rF:        It protects you from fire.
   SInv:      It lets you see invisible.
Missiles
 d - a throwing net (quivered)
 e - a javelin
Armour
 b - a +0 leather armour (worn)
 c - a +0 helmet (worn)
Potions
 f - a potion of curing
 g - 2 potions of heal wounds
 h - a potion of haste
 i - 2 potions of magic


   Skills:
 * Level 9.0 Fighting
 + Level 13.0 Maces & Flails
 - Level 2.8 Throwing
 + Level 7.5 Armour
 + Level 8.4 Dodging
 - Level 1.5 Stealth


You had 7 spell levels left.
You didn't know any spells.
Your spell library was empty.

Dungeon Overview and Level Annotations

Branches:
Dungeon (1/1)

Altars:
Cheibriados
Dithmenos
Elyvilon
Fedhas
Gozag
Hepliaklqana
Kikubaaqudgha
Makhleb
Nemelex Xobeh
Okawaru
Qazlal
Ru
Sif Muna
Trog
Uskayaw
Vehumet
Wu Jian
Xom
Yredelemnul
Zin
The Shining One
Jiyva
Lugonu

Shops:
D (:?!(([[!(!==:(

Annotations:
D exclusions: obsidian statue and oklob plant


Innate Abilities, Weirdness & Mutations

You are immune to sickness and miasma.
Your stone body is resilient. (AC +5)
You are immune to poison.
You resist negative energy. (rN+)
You are resistant to electric shocks. (rElec)
You are resistant to unholy torment.
You are immune to petrification.


Message History

You hit the polar bear but do no damage.
The polar bear is almost dead.
The polar bear bites you. The polar bear barely misses you.
The polar bear misses you.
You sock the polar bear!
You kill the polar bear!
Trog accepts your kill.
Your Fighting skill increases to level 9!
Your Maces & Flails skill increases to level 13!
Unknown command.
A water moccasin comes into view.
A polar bear comes into view.
There is an open door here.
Blink to where?
Press: ? - help, Dir - move target, f - you
Okay, then.
You enter the shallow water.
Moving in this stuff is going to be slow.
The polar bear growls angrily. x2
Blink to where?
Press: ? - help, Dir - move target Splash!
A kraken comes into view.
Found nineteen items.
As you read the scroll of blinking, it crumbles to dust.
A tentacle rises from the water!
A tentacle comes into view.
Unknown command. 2 tentacles come into view.
The tentacle closely misses you. The tentacle slaps you!
The tentacle moves out of view.
Your unstable footing causes you to fumble your attack.
The tentacle slaps you!
* * * LOW HITPOINT WARNING * * *
The tentacle slaps you but does no damage.
Unknown command.
You open the door.
A water moccasin comes into view.
The tentacle slaps you!
You die...

# +.### =▓!(?!?[!(▓▓ #
^..# ##▓(![!)($)▓▓ ##
#..# $#▓![$!([[$▓▓ .#
+..# h#▓?![!([[)▓▓ .#
#..# .#▓?:$$=?[)▓▓
.####..##.#▓!$[)[!??▓▓
...###...##▓▓▓▓▓▓▓+▓▓▓▓+
.§§..~~~§Sch~~~~@w───Xw≈
.....~#'########S###.ww≈
~§§..§#_._._...#~S~ ≈
~~~~.~#._._._._#~§§
≈~~~~~#_._._._.#~~~~
≈≈≈~~~#._._._._#~§§≈≈
≈≈≈≈§~#.._._._.#~~§§§§
≈###≈≈#..._._._#§~§~§S#
≈# #§§#...._._.#~§§


You could see a kraken, 4 tentacles, a polar bear, a yaktaur and 3 water
moccasins.

Vanquished Creatures
  A merfolk siren (D)
  A polar bear (D)
  2 wyverns (D)
  A vampire mosquito (D)
  Menkaure (D)
  4 scorpions (D)
  4 necrophages (D)
14 creatures vanquished.

Notes
Turn   | Place    | Note
-------+----------+-------------------------------------------
     0 | D        | dialectric the Gargoyle Gladiator began the quest for the
                  | Orb.
     0 | D        | Reached XP level 1. HP: 12/12 MP: 1/1
     1 | D        | Noticed a scorpion
     1 | D        | Noticed a scorpion
     1 | D        | Noticed a scorpion
     1 | D        | Noticed a scorpion
     5 | D        | Killed a scorpion
     6 | D        | Reached skill level 5 in Maces & Flails
     6 | D        | Reached XP level 2. HP: 19/19 MP: 2/2
     6 | D        | Reached XP level 3. HP: 23/23 MP: 3/3
     6 | D        | Reached XP level 4. HP: 28/28 MP: 4/4
    11 | D        | Killed a scorpion
    12 | D        | Reached skill level 6 in Maces & Flails
    12 | D        | Reached skill level 5 in Dodging
    12 | D        | Reached XP level 5. HP: 29/33 MP: 5/5
    16 | D        | Reached skill level 7 in Maces & Flails
    21 | D        | Reached skill level 8 in Maces & Flails
    21 | D        | Reached XP level 6. HP: 37/40 MP: 6/6
    49 | D        | Noticed a merfolk siren
    59 | D        | Killed a merfolk siren
    60 | D        | Reached skill level 10 in Maces & Flails
    60 | D        | Reached skill level 1 in Stealth
    60 | D        | Reached XP level 7. HP: 36/46 MP: 7/7
   127 | D        | Noticed an obsidian statue
   148 | D        | Noticed a wyvern
   148 | D        | Noticed a wyvern
   180 | D        | Reached skill level 11 in Maces & Flails
   197 | D        | Found Lufastri's Antique Weapon Shop.
   197 | D        | Found Dorowic's Distillery.
   197 | D        | Found Sarghe's Weapon Boutique.
   197 | D        | Found Zuexiura's Jewellery Boutique.
   197 | D        | Found Jeken's Distillery.
   197 | D        | Found Ympim's Jewellery Shop.
   197 | D        | Found Qenetet's Antique Armour Boutique.
   198 | D        | Found Bima's Antique Weapon Boutique.
   198 | D        | Found Haidell's Antique Weapon Shop.
   199 | D        | Found Enevvyf's Book Shop.
   199 | D        | Found Cad Rex's Antique Armour Boutique.
   200 | D        | Found Lawnuiho's Distillery.
   200 | D        | Found Otsum's Magic Scroll Shop.
   200 | D        | Noticed Menkaure
   200 | D        | Noticed an oklob plant
   201 | D        | Found Rieqyse's Weapon Boutique.
   201 | D        | Found Tijas's Book Shoppe.
   222 | D        | Killed Menkaure
   223 | D        | Reached XP level 8. HP: 42/53 MP: 8/8
   294 | D        | Bought a dazzling flail for 178 gold pieces
   294 | D        | Identified the +6 flail of Balance {antimagic, rF+ Dex+7
                  | SInv} (You bought it in a shop in the Dungeon)
   303 | D        | Noticed an ice dragon
   304 | D        | Bought 2 potions of heal wounds for 100 gold pieces
   342 | D        | Killed a wyvern
   343 | D        | Reached skill level 12 in Maces & Flails
   346 | D        | Killed a wyvern
   355 | D        | Found an iron altar of Okawaru.
   355 | D        | Found an opulent altar of Gozag.
   356 | D        | Found a sparkling altar of Nemelex Xobeh.
   356 | D        | Found a blossoming altar of Fedhas.
   357 | D        | Found a radiant altar of Vehumet.
   357 | D        | Found a burning altar of Makhleb.
   357 | D        | Found a white marble altar of Elyvilon.
   358 | D        | Found a hide-covered altar of Uskayaw.
   358 | D        | Found a corrupted altar of Lugonu.
   358 | D        | Found a shadowy altar of Dithmenos.
   359 | D        | Found a glowing silver altar of Zin.
   359 | D        | Found a bloodstained altar of Trog.
   359 | D        | Found an ancient bone altar of Kikubaaqudgha.
   360 | D        | Found a basalt altar of Yredelemnul.
   360 | D        | Found a shimmering blue altar of Sif Muna.
   360 | D        | Found a viscous altar of Jiyva.
   361 | D        | Found a shimmering altar of Xom.
   361 | D        | Found a sacrificial altar of Ru.
   363 | D        | Found a glowing golden altar of the Shining One.
   363 | D        | Found an ornate altar of the Wu Jian Council.
   363 | D        | Found a stormy altar of Qazlal.
   363 | D        | Found a snail-covered altar of Cheibriados.
   363 | D        | Found a hazy altar of Hepliaklqana.
   363 | D        | Noticed a hornet
   363 | D        | Noticed a polar bear
   364 | D        | Noticed a yaktaur
   364 | D        | Noticed a polar bear
   368 | D        | Became a worshipper of Trog the Wrathful
   377 | D        | Killed a polar bear
   378 | D        | Reached skill level 13 in Maces & Flails
   380 | D        | Noticed a polar bear
   383 | D        | Noticed a kraken
   386 | D        | Slain by a tentacle

Illustrated notes

Levels and vault maps discovered:
D:        the_violet_keep_of_menkaure [sprint2_stairs_cluster_1,
          sprint2_shoproom, sprint2_temple, sprint2_basic_supplies,
          sprint2_obstacle_3, sprint2_obstacle_6, sprint2_obstacle_1,
          sprint2_obstacle_4, sprint2_obstacle_5, sprint2_timed_cluster_1,
          sprint2_smallroom_cluster_1, sprint2_smallroom_final_cluster_1,
          sprint2_transparent_cluster_1, sprint2_second_timed_cluster_1,
          sprint2_sniper_area_1, sprint2_heavy_combat_area_1,
          sprint2_mutation_trap_area_1, sprint2_forest_area_1,
          sprint2_light_combat_area_1, sprint2_behind_water_1,
          sprint2_near_end_vault_1]

Skill      XL: |  1  2  3  4  5  6  7  8 |
---------------+-------------------------+-----
Fighting       | 3 4 6 7 9 |  9.0
Maces & Flails | 5 6 8 10 11 13 | 13.0
Throwing       | 2 |  2.8
Dodging        | 4 5 6 7 8 |  8.4
Armour         | 2 4 6 7 |  7.5
Stealth        | 1 |  1.5

Action                   |  1- 3 |  4- 6 |  7- 9 || total
-------------------------+-------+-------+-------++-------
Melee: Flail             |     3 |    22 |    61 ||    86
       Punch             |       |       |     2 ||     2
Throw: Throwing net      |       |     1 |     2 ||     3
  Use: Potion            |     1 |       |     1 ||     2
       Scroll            |       |       |     1 ||     1
 Stab: Held in net/web   |       |     1 |       ||     1
Armor: Leather armour    |       |     1 |    18 ||    19
Dodge: Dodged            |       |     8 |    39 ||    47
